 Dungeon Crawl Stone Soup version 0.28.0-45-g0d030f2227 (webtiles) character file.

Game seed: 4224310466391595009

301 101zpm the Chiller (level 6, -5/42 HPs)
             Began as a Vampire Ice Elementalist on Apr 12, 2022.
             Was an Initiate of Vehumet.
             Killed from afar by a white imp (8 damage)
             ... with a puff of frost
             ... on level 5 of the Dungeon.
             The game lasted 00:18:54 (6071 turns).

101zpm the Chiller (Vampire Ice Elementalist)       Turns: 6071, Time: 00:18:54

Health: -5/42      AC:  2    Str:  7    XL:     6   Next: 14%
Magic:  8/11       EV: 13    Int: 20    God:    Vehumet [......]
Gold:   129        SH:  0    Dex: 14    Spells: 7/12 levels left

rFire   . . .      SeeInvis +   t - +2 dagger (freeze)
rCold   . . .      Faith    .   (no shield)
rNeg    . . .      Spirit   .   a - +0 robe
rPois   .          Reflect  .   (no helmet)
rElec   .          Harm     .   (no cloak)
rCorr   .          Rampage  .   (no gloves)
Will    .....                   (no boots)
Stlth   ++........              (no amulet)
HPRegen 0.34/turn               (no ring)
MPRegen 0.12/turn               (no ring)

@: healing quickly
A: alive, fangs 3, see invisible, vampiric 2
a: Exsanguinate, Renounce Religion


You were on level 5 of the Dungeon.
You worshipped Vehumet.
Vehumet was noncommittal.
You visited 2 branches of the dungeon, and saw 6 of its levels.

You collected 129 gold pieces.

Inventory:

Hand Weapons
 h - a +0 dagger
 t - a +2 dagger of freezing (weapon)
Missiles
 d - 64 stones
 e - 67 sling bullets
 f - 47 bolts
 o - 6 javelins
 s - a silver boomerang
 u - 2 poisoned darts
Armour
 a - a +0 robe (worn)
Scrolls
 b - a scroll of vulnerability {unknown}
 g - a scroll of amnesia {unknown}
 i - a scroll of enchant weapon {unknown}
 j - 2 scrolls of teleportation {unknown}
 p - a scroll of acquirement {unknown}
 r - a scroll of fear {unknown}
Potions
 c - 3 potions of curing {unknown}
 k - a potion of haste {unknown}
 l - a potion of magic {unknown}
 m - 2 potions of brilliance {unknown}
 n - a potion of flight {unknown}
 q - a potion of mutation {unknown}


   Skills:
 + Level 0.9 Fighting
 + Level 1.1 Short Blades
 + Level 2.9 Dodging
 + Level 3.5 Stealth
 + Level 0.1 Unarmed Combat
 + Level 3.7 Spellcasting
 + Level 1.1 Summonings
 + Level 5.5 Ice Magic


You had 7 spell levels left.
You knew the following spells:

 Your Spells              Type           Power      Damage    Failure   Level
a - Freeze                Ice            100%       1d11      1%          1
b - Summon Small Mammal   Summ           32%        N/A       9%          1
c - Frozen Ramparts       Ice            50%        1d7       4%          3

Your spell library contained the following spells:

 Spells                   Type           Power      Damage    Failure   Level
 Ozocubu's Armour         Ice            25%        N/A       4%          3
 Call Canine Familiar     Summ           8%         N/A       24%         3
 Summon Guardian Golem    Hex/Summ       6%         N/A       30%         3
 Hailstorm                Conj/Ice       14%        3d5       38%         4


Dungeon Overview and Level Annotations

Branches:
Dungeon (5/15)             Temple (1/1) D:4

Altars:
Cheibriados
Dithmenos
Fedhas
Hepliaklqana
Makhleb
Nemelex Xobeh
Qazlal
Trog
Vehumet
Xom
Yredelemnul
Zin
The Shining One

Shops:
D:2 [

Annotations:
D:2 Sigmund
D:4 Dowan, Duvessa, Grinder


Innate Abilities, Weirdness & Mutations

Your natural rate of healing is accelerated.
You have razor-sharp teeth.
You have supernaturally acute eyesight. (SInv)
You are afflicted with vampirism and can become a bat while bloodless.


Message History

The white imp is lightly wounded.
The white imp completely resists.
The wall freezes the white imp but does no damage.
The white imp gestures at you. The puff of frost hits you.
You hit the white imp but do no damage.
The white imp is lightly wounded.
The white imp completely resists.
The wall freezes the white imp but does no damage.
The white imp barely misses you.
You barely miss the white imp.
The white imp is lightly wounded.
The white imp completely resists.
The wall freezes the white imp but does no damage.
The white imp gestures at you. The puff of frost hits you.
You closely miss the white imp.
The white imp is lightly wounded.
The white imp completely resists.
The wall freezes the white imp but does no damage.
The white imp hits you.
* * * LOW HITPOINT WARNING * * *
The white imp freezes you.
* * * LOW HITPOINT WARNING * * *
Aiming: Freeze (safe; 1% risk of failure)
Press: ? - help, Q - select action, (/) - cycle Shift-Dir - straight line, f - white imp
Aim: a white imp (lightly wounded)
You freeze the white imp but do no damage.
The white imp completely resists.
The white imp completely resists.
The wall freezes the white imp but does no damage.
The white imp hits you.
* * * LOW HITPOINT WARNING * * *
The white imp freezes you.
* * * LOW HITPOINT WARNING * * *
Your frozen ramparts will break if you move.
Continue?
The frozen ramparts melt away as you move.
The white imp gestures at you. The puff of frost hits you!
You die...

#.#######
#.......#
#######@# #.# #5#
#########.####.#
.................
########.######.#.
.......<........
..#.........####
............+


You could see a white imp.

Vanquished Creatures
  An ogre (D:4)
  An orc priest (D:3)
  2 orc wizards (D:3)
  5 adders
  A worm (D:3)
  3 dart slugs
  4 orcs (D:3)
  7 ball pythons
  6 bats (D:2)
  6 endoplasms
  3 giant cockroaches
  4 goblins
  4 hobgoblins
  12 jackals
  5 quokkas
  2 frilled lizards
  2 kobolds
  5 rats
73 creatures vanquished.

Notes
Turn   | Place    | Note
-------+----------+-------------------------------------------
     0 | D:1      | 101zpm the Vampire Ice Elementalist began the quest for the
                  | Orb.
     0 | D:1      | Reached XP level 1. HP: 13/13 MP: 3/3
   228 | D:1      | Reached XP level 2. HP: 15/19 MP: 0/5
   402 | D:1      | Found a faded altar of an unknown god.
  1344 | D:2      | Found Biverr's Armour Emporium.
  1353 | D:2      | Gained mutation: You are afflicted with vampirism and can
                  | become a bat while bloodless. [Vampire growth]
  1353 | D:2      | Reached XP level 3. HP: 16/24 MP: 2/6
  1371 | D:2      | HP: 1/24 [jackal (2)]
  1527 | D:2      | Learned a level 1 spell: Summon Small Mammal
  1916 | D:2      | Noticed Sigmund
  1929 | D:2      | Reached XP level 4. HP: 31/31 MP: 1/8
  2565 | D:2      | Learned a level 3 spell: Frozen Ramparts
  4082 | D:4      | Noticed an ogre
  4092 | D:4      | Killed an ogre
  4093 | D:4      | Reached skill level 5 in Ice Magic
  4093 | D:4      | Reached XP level 5. HP: 36/36 MP: 5/10
  4202 | D:4      | Noticed Duvessa
  4202 | D:4      | Noticed Dowan
  4207 | D:4      | Reached skill level 1 in Summonings
  4728 | D:4      | Found a staircase to the Ecumenical Temple.
  4740 | Temple   | Entered the Ecumenical Temple
  5052 | Temple   | Became a worshipper of Vehumet
  5254 | D:3      | Reached skill level 1 in Short Blades
  5254 | D:3      | Reached XP level 6. HP: 38/42 MP: 5/11
  5809 | D:4      | Noticed Grinder
  5823 | D:4      | Paralysed by Grinder for 7 turns
  5829 | D:4      | HP: 2/42 [Grinder (6)]
  5991 | D:5      | Entered Level 5 of the Dungeon
  6069 | D:5      | HP: 2/42 [white imp (2)]
  6071 | D:5      | Killed from afar by a white imp

Illustrated notes

Levels and vault maps discovered:
D:1:      ncdulo_wetmaze, layout_loops_corners,
          hellmonk_ecumenical_altar_dog_temple
D:2:      layout_basic, serial_shops, shop, minmay_joined_circles, uniq_sigmund
D:3:      layout_loops_corners
D:4:      layout_basic, dancing_weapons_uskayaw, temple_green, uniq_grinder,
          uniq_duvessa, uniq_pikel
D:5:      layout_basic, elyvilon_altar_5, serial_shops,
          nicolae_shop_bloodbath_and_beyond
Temple:   oiseaux_autumnal_temple

Skill      XL: |  1  2  3  4  5 |
---------------+----------------+-----
Spellcasting   | 3 |  3.7
Ice Magic      | 5 |  5.5
Summonings     | 1 |  1.1
Short Blades   | 1 |  1.1
Fighting       | |  0.9
Dodging        | |  2.9
Stealth        | |  3.5
Unarmed Combat | |  0.1

Action                   |  1- 3 |  4- 6 || total
-------------------------+-------+-------++-------
Melee: Unarmed           |    44 |     8 ||    52
       Bite              |     3 |     8 ||    11
       Dagger            |       |    47 ||    47
 Cast: Freeze            |    61 |    22 ||    83
       Summon Small Mamm |     5 |    15 ||    20
       Frozen Ramparts   |       |    15 ||    15
 Stab: Sleeping          |       |     2 ||     2
Armor: Robe              |    33 |     4 ||    37
Dodge: Dodged            |    93 |    40 ||   133
